 Seeded DCSS version 0.30.1 (webtiles) character file.

Game seed: 2120021135704932504 (custom seed)

19219 sircluck the Severer (level 12, 0/113 HPs)
             Began as a Hill Orc Berserker on July 8, 2023.
             Was a High Priest of Trog.
             Slain by a yak (9 damage)
             ... on level 13 of the Dungeon.
             The game lasted 00:27:04 (15433 turns).

sircluck the Severer (Hill Orc Berserker)          Turns: 15433, Time: 00:27:05

Health: 0/113      AC: 26    Str: 25    XL:     12   Next: 66%
Magic:  0/12       EV:  8    Int:  7    God:    Trog [*****.]
Gold:   709        SH:  0    Dex: 10    Spells: 11/11 levels left

rFire   . . .        b - +0 battleaxe
rCold   + . .        (shield currently unavailable)
rNeg    . . .        r - +1 plate armour
rPois   .            f - +1 helmet
rElec   .            d - +2 cloak
rCorr   .            i - +2 pair of gloves
SInv    .            (no boots)
Will    +....        n - amulet of guardian spirit Stlth
                     K - ring of protection from cold
HPRegen 0.38/turn    v - ring of willpower
MPRegen 0.13/turn

%: guardian spirit
@: about to teleport, on berserk cooldown, slowed, very slow
A: no striking features
a: Renounce Religion, Berserk, Trog's Hand, Brothers in Arms


You were on level 13 of the Dungeon.
You worshipped Trog.
Trog was extremely pleased with you.
You visited 2 branches of the dungeon, and saw 14 of its levels.

You collected 861 gold pieces.
You spent 152 gold pieces at shops.

Inventory:

Hand Weapons
 a - a +0 hand axe
 b - a +0 battleaxe (weapon)
 L - the +4 great mace of Blood-Lust {venom, rElec Str+2}
   (You took it off an ogre on level 3 of the Dungeon)

   Str:       It affects your strength (+2).
   rElec:     It insulates you from electricity.
 M - a +0 war axe
Missiles
 g - 4 javelins (quivered)
 h - 93 stones
 q - 44 poisoned darts
 Y - 2 silver boomerangs
 Z - 9 boomerangs
Armour
 d - a +2 cloak (worn)
 f - a +1 helmet (worn)
 i - a +2 pair of gloves (worn)
 r - a +1 plate armour (worn)
 D - a +0 troll leather armour
Jewellery
 n - an amulet of guardian spirit (around neck)
 v - a ring of willpower (right hand)
 K - a ring of protection from cold (left hand)
Wands
 E - a wand of charming (15)
 H - a wand of quicksilver (11)
 O - a wand of polymorph (4)
 P - a wand of roots (5)
 U - a wand of digging (8)
 W - a wand of flame (14)
Scrolls
 e - 4 scrolls of vulnerability
 o - a scroll of magic mapping
 s - a scroll of enchant armour
 t - a scroll of fear {unknown}
 y - a scroll of summoning
 z - 5 scrolls of immolation
 B - a scroll of noise
 F - a scroll of identify
 G - 4 scrolls of teleportation
 T - a scroll of enchant weapon
Potions
 k - a potion of resistance
 l - 2 potions of cancellation
 m - 7 potions of curing
 p - a potion of haste
 u - 5 potions of lignification
 w - a potion of ambrosia
 x - 7 potions of mutation
 A - 2 potions of attraction
 C - a potion of flight
 J - a potion of degeneration {unknown}
 N - 2 potions of berserk rage
 R - 2 potions of might {unknown}
 X - a potion of magic {unknown}
Miscellaneous
 c - a phial of floods


   Skills:
 + Level 12.6 Fighting
 + Level 17.1 Axes
 + Level 0.4 Throwing
 + Level 12.1 Armour
 + Level 3.4 Dodging
 + Level 1.4 Stealth
 + Level 3.3 Evocations


You had 11 spell levels left.
You didn't know any spells.
Your spell library was empty.

Dungeon Overview and Level Annotations

Branches:
Dungeon (13/15)            Temple (1/1) D:7            Lair (0/5) D:10
    Orc (0/2) D:9
 Vaults: D:13-14

Altars:
Ashenzari
Cheibriados
Dithmenos
Elyvilon
Fedhas
Gozag
Hepliaklqana
Kikubaaqudgha
Makhleb
Nemelex Xobeh
Okawaru
Qazlal
Ru
Sif Muna
Trog
Uskayaw
Vehumet
Wu Jian
Xom
Yredelemnul
Zin
The Shining One

Shops:
D:1 (   D:2 ?   D:3 !   D:6 (   D:10 !*?

Annotations:
D:10 2 transporters, turdburglar's ghost, journeyman TrFi


Message History

Press: ? - help, Q - select action, (/) - cycle Shift-Dir - straight line, f - ice dragon
Aim: an ice dragon (lightly wounded, chance to affect: 39%)
Okay, then.
Aiming: Quicksilver Bolt
Press: ? - help, Q - select action, (/) - cycle Shift-Dir - straight line, f - ice dragon
Aim: an ice dragon (lightly wounded, 81% to hit)
The bolt of dispelling energy hits the ice dragon!!
The ice dragon is moderately wounded.
Unknown command.
Aiming: Fastroot
Press: ? - help, Q - select action, (/) - cycle Shift-Dir - straight line, p - ice dragon The roots erupt in riotous growth!
Roots grab the yak.
Roots grab the ice dragon.
The grasping roots constrict the ice dragon.
The grasping roots constrict the yak.
The roots release their grip on the yak.
The ice dragon bites you. The ice dragon barely misses you. x2
The ice dragon breathes frost at you. The blast of cold hits you! You resist.
The grasping roots constrict the ice dragon!
The roots release their grip on the ice dragon.
The yak gores you but does no damage. The ice dragon bites you.
The ice dragon claws you but does no damage.
The ice dragon completely misses you. The yak gores you.
The ice dragon bites you!
* * * LOW HITPOINT WARNING * * *
The ice dragon claws you but does no damage.
The ice dragon tramples you but does no damage.
The yak gores you!
* * * LOW HITPOINT WARNING * * *
Unknown command.
As you read the scroll of teleportation, it crumbles to dust.
You feel strangely unstable. The yak gores you!
* * * LOW HITPOINT WARNING * * *
The ice dragon bites you but does no damage.
The ice dragon closely misses you. The ice dragon completely misses you.
Unknown command.
The yak attacks as you move away! The yak gores you!
You die...

########## #####..........
#.............. #..............
##..............#
................# ..#
................#### ...#
................@D.##########...#
.................Y..............#
..#############...........>....#
.### #...##'###.......# .# #.. ##
##...#....#.......# .#
.....#.####....'....#..<....# .#
.......Y†#.#...#....#.####### .#
......###.##...#....#.# .# #...#
####...######.#


You could see an ice dragon and a yak.

Vanquished Creatures
  A death knight (D:13)
  A two-headed ogre (D:13)
  2 boulder beetles
  The ghost of Dogbites the Cleaver, a novice MiBe of Trog (D:7)
  A wizard (D:12)
  A phantasmal warrior (D:13)
  2 deep elf pyromancers
  A cyclops (D:7)
  2 ugly things
  An oklob plant (D:7)
  An unseen horror (D:10)
  A kobold demonologist (D:12)
  A freezing wraith (D:13)
  A tengu conjurer (D:13)
  3 polar bears (D:13)
  2 trolls (D:12)
  A hornet (D:9)
  2 wraiths
  2 vampires
  5 wyverns
  22 yaks
  3 steam dragons
  6 vampire mosquitoes
  An acid dragon (D:7)
  A water moccasin (D:6)
  4 ice beasts
  A sky beast (D:7)
  4 orc warriors
  3 ogres
  2 wolves (D:13)
  5 centaurs
  The ghost of Sabo the Trooper, an amateur GrMo (D:3)
  2 phantoms
  4 kobold brigands
  4 bullfrogs
  A scorpion (D:4)
  3 jellies
  4 killer bees (D:9)
  A howler monkey (D:12)
  A crimson imp (D:12)
  7 hounds
  Crazy Yiuf (D:2)
  9 orc priests
  A gnoll bouda (D:4)
  6 iguanas
  2 sleepcaps
  Terence (D:2)
  14 orc wizards
  4 gnolls (D:8)
  11 adders
  A shadow imp (D:7)
  A white imp (D:5)
  2 ufetubi
  2 worms
  A dart slug (D:2)
  35 orcs
  6 ball pythons
  A bat zombie (D:6)
  16 endoplasms
  2 giant cockroaches
  5 goblins
  9 hobgoblins
  13 jackals
  4 kobolds
  4 quokkas
  2 bats (D:1)
  A frilled lizard (D:2)
  5 rats
  A rat zombie (D:6)
272 creatures vanquished.

Vanquished Creatures (collateral kills)
  A skeletal warrior (D:13)
  A wyvern (D:7)
  A bullfrog (D:7)
  An iguana (D:7)
4 creatures vanquished.

Vanquished Creatures (others)
  A jelly (D:7)
1 creature vanquished.

Grand Total: 277 creatures vanquished

Notes
Turn   | Place    | Note
-------+----------+-------------------------------------------
     0 | D:1      | sircluck the Hill Orc Berserker began the quest for the
                  | Orb.
     0 | D:1      | Reached XP level 1. HP: 19/19 MP: 1/1
   141 | D:1      | Reached XP level 2. HP: 8/27 MP: 2/2
   589 | D:1      | Reached XP level 3. HP: 28/33 MP: 3/3
   868 | D:1      | Found Monet's Antique Weapon Shoppe.
   878 | D:1      | Reached ** piety under Trog
  1168 | D:1      | Reached skill level 5 in Axes
  1571 | D:2      | Found a faded altar of an unknown god.
  1697 | D:2      | Noticed Terence
  1706 | D:2      | Killed Terence
  1707 | D:2      | Reached XP level 4. HP: 27/41 MP: 4/4
  1870 | D:2      | Found Estrevvyd's Magic Scroll Boutique.
  2206 | D:2      | Found a runed translucent door.
  2207 | D:2      | Noticed Crazy Yiuf
  2460 | D:2      | Killed Crazy Yiuf
  2461 | D:2      | Reached XP level 5. HP: 41/47 MP: 2/5
  2634 | D:3      | Found Fioly's Distillery.
  2641 | D:3      | Reached skill level 1 in Stealth
  2648 | D:3      | Bought a potion of heal wounds for 70 gold pieces
  2658 | D:3      | Identified the +4 dagger of Zudaw {flame, *Corrode rPois
                  | Int+2 Stlth+}
  2727 | D:3      | Reached skill level 6 in Axes
  3385 | D:3      | Found a transporter.
  3387 | D:3      | Noticed Sabo's ghost (amateur GrMo)
  3388 | D:3      | Found a transporter.
  3388 | D:3      | Identified the +4 great mace of Blood-Lust {venom, rElec
                  | Str+2}
  3388 | D:3      | Noticed an ogre
  3389 | D:3      | Noticed an ogre
  3520 | D:4      | Reached XP level 6. HP: 40/55 MP: 3/6
  3528 | D:4      | Reached skill level 5 in Fighting
  3614 | D:4      | Reached *** piety under Trog
  3621 | D:4      | Reached skill level 7 in Axes
  3846 | D:4      | Found a bloodstained altar of Trog.
  3992 | D:4      | Reached XP level 7. HP: 43/62 MP: 2/7
  4153 | D:4      | Reached skill level 8 in Axes
  4353 | D:4      | Identified the amulet "Civik" {Drain +Blink Regen+ rCorr
                  | Slay-3}
  4719 | D:5      | Entered Level 5 of the Dungeon
  4802 | D:5      | Found a shimmering blue altar of Sif Muna.
  4842 | D:5      | Reached skill level 9 in Axes
  4852 | D:5      | Reached XP level 8. HP: 61/71 MP: 8/8
  5203 | D:6      | Reached **** piety under Trog
  5322 | D:6      | Reached skill level 10 in Axes
  5567 | D:6      | Found a glowing golden altar of the Shining One.
  5801 | D:6      | Found an opulent altar of Gozag.
  5999 | D:6      | Reached skill level 11 in Axes
  6054 | D:6      | Found an ancient bone altar of Kikubaaqudgha.
  6139 | D:6      | Found Fahuzijy's Antique Weapon Boutique.
  6139 | D:6      | Noticed a wraith
  6144 | D:6      | Reached XP level 9. HP: 81/81 MP: 9/9
  6148 | D:6      | Reached skill level 5 in Armour
  6728 | D:5      | Reached skill level 12 in Axes
  7447 | D:7      | Noticed Dogbites's ghost (novice MiBe)
  7447 | D:7      | Noticed a deep elf pyromancer
  7457 | D:7      | Noticed a cyclops
  7459 | D:7      | Found a transporter.
  7465 | D:7      | Noticed an oklob plant
  7477 | D:7      | Found a transporter.
  7563 | D:7      | Found a burning altar of Makhleb.
  7695 | D:7      | Found a staircase to the Ecumenical Temple.
  7842 | D:7      | Reached skill level 13 in Axes
  8094 | Temple   | Entered the Ecumenical Temple
  8379 | D:3      | Killed Sabo's ghost
  8380 | D:3      | Reached XP level 10. HP: 70/91 MP: 5/10
  9162 | D:7      | Killed a deep elf pyromancer
  9166 | D:7      | Killed Dogbites's ghost
  9252 | D:7      | Killed a cyclops
  9253 | D:7      | Reached skill level 14 in Axes
  9424 | D:7      | Killed an oklob plant
  9425 | D:7      | Reached skill level 10 in Fighting
  9425 | D:7      | Reached skill level 1 in Evocations
  9592 | D:8      | Identified the +6 sling of Ghostly Blind Justice {heavy,
                  | *Corrode rC+ Dex+3}
  9722 | D:8      | Found a glowing silver altar of Zin.
  9985 | D:8      | Reached XP level 11. HP: 88/100 MP: 9/11
 10379 | D:9      | Found an ornate altar of the Wu Jian Council.
 10617 | D:9      | Reached skill level 15 in Axes
 10711 | D:9      | Found a broken altar of Ashenzari.
 10848 | D:9      | Found a hazy altar of Hepliaklqana.
 10881 | D:9      | Found a staircase to the Orcish Mines.
 11110 | D:9      | Found a radiant altar of Vehumet.
 11301 | D:10     | Entered Level 10 of the Dungeon
 11308 | D:10     | Found Irisicis's Distillery.
 11376 | D:10     | Noticed turdburglar's ghost (journeyman TrFi)
 11382 | D:10     | Found a transporter.
 11401 | D:10     | Found a transporter.
 11600 | D:10     | Found Nucluown's Assorted Antiques.
 11696 | D:10     | Bought a potion of heal wounds for 50 gold pieces
 11729 | D:10     | Found a white marble altar of Elyvilon.
 12037 | D:10     | Found a staircase to the Lair.
 12145 | D:10     | Found Ijaidergh's Magic Scroll Emporium.
 12148 | D:10     | Bought a scroll of identify for 32 gold pieces
 12268 | D:10     | Identified the +1 ring mail "Zyf Sosa" {Rampage}
 12391 | D:11     | Noticed a purple ugly thing
 12407 | D:11     | Killed a purple ugly thing
 12408 | D:11     | Reached skill level 10 in Armour
 12571 | D:11     | Reached skill level 16 in Axes
 12635 | D:11     | Noticed a boulder beetle
 12649 | D:11     | Killed a boulder beetle
 13692 | D:12     | Reached XP level 12. HP: 81/110 MP: 10/12
 13923 | D:12     | Reached ***** piety under Trog
 14249 | D:13     | Found a basalt altar of Yredelemnul.
 14251 | D:13     | Noticed a boulder beetle
 14267 | D:13     | Killed a boulder beetle
 14575 | D:13     | Noticed a death knight
 14600 | D:13     | Killed a death knight
 14845 | D:13     | Noticed a two-headed ogre
 14861 | D:13     | Killed a two-headed ogre
 15392 | D:13     | Noticed an ice dragon
 15407 | D:13     | Reached skill level 17 in Axes
 15433 | D:13     | Slain by a yak

Illustrated notes

Levels and vault maps discovered:
D:1:      nicolae_arrival_somewhat_less_tricky_arrival, layout_basic,
          serial_shops, shop
D:2:      cheibrodos_helix_gallery, layout_basic, serial_shops, shop,
          hellmonk_ecumenical_altar_crossroads, uniq_terence,
          uniq_crazy_yiuf_cottage
D:3:      layout_loops_ring, gammafunk_ghost_smash, serial_shops, shop
D:4:      minmay_chambers_of_threes, layout_cave_pools, trog_book,
          serial_co_window_serial, co_window_paths_b, co_window_paths_a,
          co_window_of_opportunity_a, co_window_of_opportunity_a,
          co_window_corner_a, co_window_paths_b, co_window_paths_a,
          co_window_broadway_c, co_window_corner_cb, co_window_corner_ca,
          co_window_corner_ca, co_window_paths_c, glass_columns_a,
          glass_columns_a, glass_columns_b
D:5:      layout_basic, led_sif_book
D:6:      wander_river, layout_loops_ring, lemuel_zombie_altar_kikubaaqudgha,
          mainiacjoe_overflow_cross_hatched, old_standard_altar,
          corexii_leaking_fountain, chequers_arboretum, kennysheep_windowed_goal
D:7:      layout_basic, makhleb_blood_cavern_becter,
          minmay_temple_entry_enclosed_plants, nzn_ghost_randoct
D:8:      layout_cave_pools, zin_statuary
D:9:      layout_irregular_city, nicolae_wu_jian_immortal_techniques,
          nicolae_hepliaklqana_hazy_memory, marbit_many_paths,
          old_standard_altar, chequers_serial_rivers_marsh
D:10:     layout_irregular_city, mainiacjoe_overflow_concentric_impassable,
          dpeg_oklobed_lair, serial_shops, kennysheep_mini, shop_statue,
          nicolae_shop_waterfront, gammafunk_ghost_arena
D:11:     layout_loops_ring
D:12:     layout_rooms, lightli_wizard_tower
D:13:     layout_irregular_city, portal_ice_cave_entry_animals_and_master,
          yredelemnul_altar_generic
Temple:   eino_temple_lava

Skill      XL: |  1  2  3  4  5  6  7  8  9 10 11 12 |
---------------+-------------------------------------+-----
Fighting       | 4 5 6 7 9 10 11 12 | 12.6
Axes           | 5 6 7 9 11 13 14 16 17 | 17.1
Dodging        | 2 3 |  3.4
Stealth        | 1 |  1.4
Armour         | 3 4 6 9 10 12 | 12.1
Evocations     | 1 2 3 |  3.3
Throwing       | |  0.4

Action                     |  1- 3 |  4- 6 |  7- 9 | 10-12 || total
---------------------------+-------+-------+-------+-------++-------
  Melee: Hand axe          |   107 |   180 |   515 |   147 ||   949
         Punch             |       |     4 |     7 |     4 ||    15
         War axe           |       |       |       |   355 ||   355
         Battleaxe         |       |       |       |    57 ||    57
  Throw: Javelin           |       |       |       |     2 ||     2
 Invoke: Berserk           |       |     2 |     2 |     5 ||     9
         Brothers in Arms  |       |       |       |     2 ||     2
  Evoke: Wand              |       |       |       |    14 ||    14
    Use: Scroll            |       |     2 |     2 |    21 ||    25
         Potion            |       |       |       |     6 ||     6
   Stab: Sleeping          |     1 |     1 |       |       ||     2
 Armour: Animal skin       |    19 |    16 |       |       ||    35
         Plate armour      |       |   109 |   299 |   417 ||   825
  Dodge: Dodged            |    57 |    62 |   155 |   175 ||   449
